 Dungeon Crawl Stone Soup version 0.21.1-1-g345015fe64 (webtiles) character file.

3530 Norri the Cleaver (level 9, -9/83 HPs)
             Began as a Minotaur Monk on Mar 31, 2018.
             Was an Elder of Okawaru.
             Killed from afar by a deep elf mage (28 damage)
             ... with a bolt of fire
             ... on level 7 of the Dungeon on Apr 1, 2018.
             The game lasted 00:41:08 (5543 turns).

Norri the Cleaver (Minotaur Monk)                   Turns: 5543, Time: 00:41:08

Health: -9/83      AC: 12    Str: 20    XL:     9   Next: 82%
Magic:  7/8        EV:  9    Int:  7    God:    Okawaru [****..]
Gold:   376        SH:  3    Dex: 12    Spells: 8/8 levels left

rFire    . . .     SeeInvis .   w - +0 war axe (flame)
rCold    . . .     Gourm    .   (no shield)
rNeg     . . .     Faith    .   i - +0 chain mail
rPois    .         Spirit   .   (helmet restricted)
rElec    .         Reflect  +   (no cloak)
rCorr    .         Harm     .   g - +0 pair of gloves
MR       .....                  (no boots)
Stlth    ..........             e - +3 amulet of reflection
HPRegen  0.23/turn              (no ring)
MPRegen  0.11/turn              (no ring)

@: drained
A: retaliatory headbutt, horns 2
a: Heroism, Renounce Religion


You were on level 7 of the Dungeon.
You worshipped Okawaru.
Okawaru was greatly pleased with you.
You were not hungry.

You visited 1 branch of the dungeon, and saw 7 of its levels.
You also visited: Ossuary and Bailey.

You collected 376 gold pieces.

Inventory:

Hand Weapons
 w - a +0 war axe of flaming (weapon)
Missiles
 o - 2 throwing nets (quivered)
Armour
 b - a +0 plate armour
 g - a +0 pair of gloves (worn)
 i - a +0 chain mail (worn)
Jewellery
 e - a +3 amulet of reflection (around neck)
Wands
 t - a wand of paralysis (8)
Scrolls
 d - 4 scrolls of remove curse
 k - a scroll of magic mapping
 l - a scroll of amnesia
 m - a scroll of teleportation {unknown}
 n - a scroll of fear
 y - a scroll of enchant weapon {unknown}
 z - 2 scrolls of blinking {unknown}
 A - 2 scrolls of immolation {unknown}
 B - 2 scrolls of holy word {unknown}
 C - a scroll of random uselessness {unknown}
Potions
 h - 2 potions of lignification
 j - a potion of ambrosia {unknown}
 p - 3 potions of degeneration
 q - a potion of might {unknown}
 r - 2 potions of brilliance
 s - a potion of flight {unknown}
 u - a potion of curing
 v - 2 potions of haste
 x - 3 potions of heal wounds
Books
 a - a book of Conjurations

   Spells                             Type                      Level
   a - Magic Dart                     Conjuration                  1
   b - Searing Ray                    Conjuration                  2
   c - Dazzling Spray                 Conjuration/Hexes            3
   d - Fulminant Prism                Conjuration/Hexes            4
   e - Force Lance                    Conjuration/Translocation    4
   f - Iskenderun's Mystic Blast      Conjuration                  4
Comestibles
 c - 12 rations


   Skills:
 + Level 9.2(8.9) Fighting
 * Level 12.1(11.8) Axes
 + Level 8.3(8.0) Armour
 - Level 3.2(3.0) Dodging
 - Level 1.5(1.3) Stealth


You had 8 spell levels left.
You didn't know any spells.

Dungeon Overview and Level Annotations

Branches:
Dungeon (7/15)
 Temple: D:4-7

Altars:
Cheibriados
Dithmenos
Hepliaklqana
Nemelex Xobeh
Okawaru
Qazlal
Vehumet
Yredelemnul
Zin


Innate Abilities, Weirdness & Mutations

You reflexively headbutt those who attack you in melee.
You have a pair of horns on your head.


Message History

You slash the deep elf mage! You burn the deep elf mage.
You kill the deep elf mage!
Okawaru is honoured by your kill.
Your base Fighting skill increases to level 9!
Your base Axes skill increases to level 12!
Your base Armour skill increases to level 8!
The battlesphere dissipates.
The deep elf mage casts a spell.
The deep elf mage blinks!
You swing at nothing.
The deep elf mage barely misses you. You furiously retaliate!
You headbutt the deep elf mage! You closely miss the deep elf mage.
The deep elf mage is severely wounded.
You closely miss the deep elf mage.
The deep elf mage is severely wounded.
You feel like a meek peon again. The deep elf mage casts a spell at you.
The bolt of fire hits you!
You die...

## ##.######
####..#∩...##
.....#).....##
#..#.@.....#.
###....e§......
.###..............
..................
.......<..........
................<#
................##
..................
.........$........


You could see a deep elf mage.

Vanquished Creatures
  3 deep elf magi
  Grinder (D:6)
  A hippogriff (D:5)
  A wyvern (D:5)
  Menkaure (D:6)
  Edmund (D:4)
  A water moccasin (D:5)
  An orc warrior (D:6)
  A phantom (D:5)
  A sky beast (D:7)
  A black bear (D:6)
  A centaur (D:5)
  An elf zombie (Ossuary)
  Blork the orc (D:5)
  A scorpion (D:4)
  A howler monkey (D:5)
  3 crimson imps
  A hound (D:6)
  A centaur skeleton (D:5)
  5 orc priests
  4 orc wizards
  3 worker ants
  2 big kobold zombies (Ossuary)
  A hound zombie (Ossuary)
  4 mummies (Ossuary)
  7 adders
  An ooze (D:5)
  3 adder zombies
  3 worms (D:2)
  3 dart slugs
  4 leopard geckos
  23 orcs
  6 giant cockroaches
  12 goblins
  A hobgoblin (D:2)
  5 jackals
  2 kobolds (D:1)
  4 quokkas
  5 bats
  2 hobgoblin zombies (Ossuary)
  2 jackal zombies (Ossuary)
  2 kobold zombies (Ossuary)
  8 rats
  A rat zombie (Ossuary)
136 creatures vanquished.

Notes
Turn   | Place    | Note
-------+----------+-------------------------------------------
     0 | D:1      | Norri the Minotaur Monk began the quest for the Orb.
     0 | D:1      | Reached XP level 1. HP: 19/19 MP: 0/0
    82 | D:1      | Reached skill level 4 in Axes
   103 | D:1      | Reached XP level 2. HP: 20/27 MP: 1/1
   201 | D:1      | Reached skill level 1 in Armour
   496 | D:2      | Reached XP level 3. HP: 32/33 MP: 2/2
   881 | D:2      | Reached XP level 4. HP: 28/40 MP: 3/3
   986 | D:2      | Reached skill level 5 in Axes
  1586 | D:3      | Found a hazy altar of Hepliaklqana.
  1641 | D:3      | Reached XP level 5. HP: 46/47 MP: 4/4
  2062 | D:4      | Reached skill level 6 in Axes
  2066 | D:4      | Reached skill level 5 in Fighting
  2225 | D:4      | Got a transparent rapier
  2230 | D:4      | Identified the +3 rapier "Lonuem" {elec, rF+ SInv} (You found it on level 4 of the Dungeon)
  2286 | D:4      | Reached XP level 6. HP: 56/56 MP: 5/5
  2512 | D:4      | Found a basalt altar of Yredelemnul.
  2546 | D:4      | Noticed Edmund
  2559 | D:4      | Killed Edmund
  2559 | D:4      | Reached skill level 7 in Axes
  2957 | D:5      | Entered Level 5 of the Dungeon
  2957 | D:5      | Noticed a wyvern
  2967 | D:5      | Killed a wyvern
  2967 | D:5      | Reached XP level 7. HP: 50/62 MP: 6/6
  3040 | D:5      | Noticed Blork the orc
  3097 | D:5      | Killed Blork the orc
  3425 | D:5      | Reached skill level 8 in Axes
  3454 | D:5      | Reached skill level 5 in Armour
  3620 | D:5      | Reached XP level 8. HP: 67/71 MP: 7/7
  3675 | D:5      | Found a radiant altar of Vehumet.
  3677 | D:5      | Found a sparkling altar of Nemelex Xobeh.
  3682 | D:5      | Found a shadowy altar of Dithmenos.
  3683 | D:5      | Found an iron altar of Okawaru.
  3683 | D:5      | Found a stormy altar of Qazlal.
  3683 | D:5      | Found a snail-covered altar of Cheibriados.
  3684 | D:5      | Found a glowing silver altar of Zin.
  3687 | D:5      | Became a worshipper of Warmaster Okawaru
  3687 | D:5      | Reached * piety under Okawaru
  3687 | D:5      | Reached ** piety under Okawaru
  3734 | D:5      | Noticed a hippogriff
  3740 | D:5      | Killed a hippogriff
  3740 | D:5      | Reached skill level 9 in Axes
  4619 | D:6      | Noticed Grinder
  4667 | D:6      | Killed Grinder
  4667 | D:6      | Reached skill level 10 in Axes
  4684 | D:6      | Found a sand-covered staircase.
  4688 | Ossuary  | Entered an ossuary
  4956 | D:6      | Noticed Menkaure
  4972 | D:6      | Killed Menkaure
  4972 | D:6      | Reached XP level 9. HP: 81/81 MP: 5/8
  5302 | D:7      | Found a flagged portal.
  5328 | Bailey   | Entered a bailey
  5337 | Bailey   | Noticed a deep elf mage
  5345 | Bailey   | Killed a deep elf mage
  5345 | Bailey   | Reached *** piety under Okawaru
  5345 | Bailey   | Reached skill level 11 in Axes
  5508 | Bailey   | Noticed a deep elf mage
  5509 | Bailey   | Noticed a deep elf mage
  5509 | Bailey   | Noticed a deep elf mage
  5509 | Bailey   | Noticed a deep elf mage
  5510 | Bailey   | Noticed a deep elf mage
  5510 | Bailey   | Noticed a deep elf mage
  5517 | Bailey   | Killed a deep elf mage
  5523 | Bailey   | Noticed a smoke demon
  5527 | Bailey   | Noticed a hellwing
  5538 | D:7      | Killed a deep elf mage
  5538 | D:7      | Reached **** piety under Okawaru
  5538 | D:7      | Reached skill level 12 in Axes
  5543 | D:7      | Killed from afar by a deep elf mage

Skill      XL: |  1  2  3  4  5  6  7  8  9 |
---------------+----------------------------+-----
Axes           | 4 5 6 7 8 10 12 | 12.1
Armour         | 1 2 3 4 5 6 8 |  8.3
Fighting       | 4 5 6 7 9 |  9.2
Dodging        | |  3.2
Stealth        | |  1.5

Action                   |  1- 3 |  4- 6 |  7- 9 || total
-------------------------+-------+-------+-------++-------
Melee: Hand axe          |    91 |    74 |       ||   165
       Headbutt          |    14 |    14 |    45 ||    73
       War axe           |       |    34 |   201 ||   235
       Rapier            |       |    10 |       ||    10
       Punch             |       |       |     1 ||     1
Invok: Heroism           |       |       |     6 ||     6
  Use: Scroll            |     1 |       |     9 ||    10
       Potion            |       |       |     1 ||     1
 Stab: Sleeping          |     1 |       |       ||     1
       Distracted        |       |       |     1 ||     1
  Eat: Chunk             |       |     6 |     9 ||    15
Armor: Robe              |     2 |       |       ||     2
       Chain mail        |    34 |    38 |    98 ||   170
Dodge: Dodged            |    47 |    37 |   101 ||   185
Block: Other             |    11 |    15 |    25 ||    51
       Reflection        |       |     1 |     2 ||     3
